 Dungeon Crawl Stone Soup version 0.18-a0-1193-gb7aa92a (webtiles) character file.

515 RedPan the Conjurer (level 7, -1/50 HPs)
             Began as a Yellow Draconian Conjurer on Jan 28, 2016.
             Slain by a phantom (5 damage)
             ... on level 5 of the Dungeon on Jan 29, 2016.
             The game lasted 00:16:23 (5791 turns).

RedPan the Conjurer (Yellow Draconian Conjurer)     Turns: 5791, Time: 00:16:23

Health: -1/50      AC:  8    Str: 10    XL:     7   Next: 0%
Magic:  14/14      EV: 12    Int: 17    God:
Gold:   173        SH:  0    Dex: 12    Spells: 2 memorised, 10 levels left

rFire  . . .     SeeInvis .     d - +3 dagger (speed)
rCold  . . .     Gourm    .     (armour unavailable)
rNeg   . . .     Faith    .     (no shield)
rPois  .         Spirit   .     (helmet restricted)
rElec  .         Dismiss  .     n - +0 cloak
rCorr  +         Reflect  .     (no gloves)
SustAt .         Harm     .     o - +0 pair of boots
MR     .....                    (no amulet)
Stlth  ++........               (no ring)
                                (no ring)

@: not resistant to hostile enchantments, unstealthy
A: spit acid, acid resistance, unfitting armour, cold-blooded, AC +6
a: Spit Acid


You were on level 5 of the Dungeon.
You were not hungry.

You visited 1 branch of the dungeon, and saw 5 of its levels.

You collected 173 gold pieces.

Inventory:

Hand Weapons
 d - a +3 dagger of speed (weapon)
Armour
 n - a +0 cloak (worn)
 o - a +0 pair of boots (worn)
Jewellery
 j - a -2 ring of evasion
Scrolls
 c - a scroll of amnesia
 e - a scroll of remove curse
 f - a scroll of teleportation
 i - a scroll of recharging {unknown}
 k - a scroll of enchant armour {unknown}
 p - a scroll of random uselessness {unknown}
 r - a scroll of fear
Potions
 g - 3 potions of curing
 q - a potion of brilliance {unknown}
 s - 2 potions of poison {unknown}
Books
 a - a book of Conjurations

   Spells                             Type                      Level
   a - Magic Dart                     Conjuration                  1
   b - Searing Ray                    Conjuration                  2
   c - Dazzling Spray                 Conjuration/Hexes            3
   d - Fulminant Prism                Conjuration/Hexes            4
   e - Iskenderun's Mystic Blast      Conjuration                  4
   f - Iskenderun's Battlesphere      Conjuration/Charms           5
Comestibles
 b - a bread ration
 l - a beef jerky
 m - a fruit


   Skills:
 - Level 1.7 Dodging
 - Level 1.7 Stealth
 + Level 4.6 Spellcasting
 - Level 7.0 Conjurations


You had 10 spell levels left.
You knew the following spells:

 Your Spells              Type           Power        Failure   Level  Hunger
a - Magic Dart            Conj           ####         1%          1    None
b - Iskenderun's Mystic   Conj           ####....     10%         4    ####...


Dungeon Overview and Level Annotations

Branches:
Dungeon (5/15)
 Temple: D:4-7

Altars:
Dithmenos
Fedhas
Nemelex Xobeh
Okawaru
Pakellas
The Shining One


Innate Abilities, Weirdness & Mutations

You can spit globs of acid.
You are resistant to acid.
Your golden yellow scales are hard (AC +6).
Your body does not fit into most forms of armour.
You are cold-blooded and may be slowed by cold attacks.


Message History

The phantom closely misses you.
The phantom blinks!
The phantom blinks!
The phantom blinks!
The phantom hits you.
The phantom hits you but does no damage.
The phantom blinks!
The phantom barely misses you. The phantom misses you. The phantom hits you.
The phantom hits you.
* * * LOW HITPOINT WARNING * * *
The phantom blinks!
The phantom hits you.
* * * LOW HITPOINT WARNING * * *
The phantom blinks!
The phantom hits you!
* * * LOW HITPOINT WARNING * * *
The phantom hits you.
You die...

#.....# #.....# #.....# ...
#.....# ....
#####.....#####...
................#
................#
.<........@.....#
..........W.....+
................#
................#
................#+####+####
##############............#
#............#
#............#
#............#


You could see a phantom.

Vanquished Creatures
  An ogre (D:4)
  A scorpion (D:4)
  Jessica (D:2)
  A worker ant (D:4)
  Ijyb (D:3)
  An iguana (D:4)
  7 gnolls
  6 adders
  A river rat (D:4)
  2 oozes
  5 worms (D:3)
  6 giant geckos
  9 orcs
  8 bats
  6 giant cockroaches
  6 hobgoblins
  11 jackals
  A quokka (D:2)
  2 ball pythons
  6 giant newts
  15 goblins
  12 kobolds
  A quokka skeleton (D:4)
  10 rats
120 creatures vanquished.

Notes
Turn   | Place    | Note
--------------------------------------------------------------
     0 | D:1      | RedPan the Draconian Conjurer began the quest for the Orb.
     0 | D:1      | Reached XP level 1. HP: 14/14 MP: 3/3
   157 | D:1      | Found an iron altar of Okawaru.
   183 | D:1      | Reached XP level 2. HP: 20/20 MP: 0/5
   804 | D:1      | Reached skill level 5 in Conjurations
   804 | D:1      | Reached XP level 3. HP: 26/26 MP: 1/6
  1456 | D:2      | Found a blossoming altar of Fedhas.
  1517 | D:2      | Reached XP level 4. HP: 33/33 MP: 4/7
  1645 | D:2      | Noticed Jessica
  1650 | D:2      | Killed Jessica
  1900 | D:2      | Reached skill level 6 in Conjurations
  1926 | D:2      | Learned a level 4 spell: Iskenderun's Mystic Blast
  2114 | D:2      | Reached XP level 5. HP: 10/38 MP: 2/8
  2965 | D:3      | Noticed Ijyb
  2985 | D:3      | Killed Ijyb
  3338 | D:3      | Reached skill level 7 in Conjurations
  3978 | D:4      | Found an oddly glowing altar of Pakellas.
  4104 | D:4      | Reached XP level 6. HP: 45/45 MP: 2/10
  4930 | D:4      | Found a sparkling altar of Nemelex Xobeh.
  4979 | D:4      | Found a glowing golden altar of the Shining One.
  4980 | D:4      | Found an iron altar of Okawaru.
  4981 | D:4      | Found a shadowy altar of Dithmenos.
  5689 | D:5      | Entered Level 5 of the Dungeon
  5693 | D:5      | Reached XP level 7. HP: 50/50 MP: 9/14
  5693 | D:5      | Your scales start taking on a golden yellow colour.
  5694 | D:5      | Upgraded the game from 0.18-a0-1185-g2fe3d93 to 0.18-a0-1193-gb7aa92a
  5791 | D:5      | Slain by a phantom

Vault maps used:
D:1:      ncdulo_wetmaze, okawaru_ov_weapons_minmay
D:2:      hangedman_decor_peaks_small, fedhas_altar_fruit_tree, uniq_jessica
D:3:      kennysheep_goblin_castle, minivault_5
D:4:      minitemple, gup_sewer_entry_bubbles, corexii_leaking_fountain,
          johnstein_pakellas_death_squad
D:5:      first_bread, kennysheep_generic_room_3, uniq_blork_the_orc

Action                   |  1- 3 |  4- 6 |  7- 9 || total
-------------------------+-------+-------+-------++-------
Melee: Dagger            |    56 |   150 |     4 ||   210
 Cast: Magic Dart        |    55 |   165 |     1 ||   221
       Iskenderun's Myst |       |     6 |       ||     6
  Use: Scroll            |       |     7 |       ||     7
 Stab: Sleeping          |     1 |     3 |     1 ||     5
  Eat: Chunk             |     3 |    15 |       ||    18
       Fruit             |       |     1 |       ||     1
